 Dungeon Crawl Stone Soup version 0.28-a0-565-g7719699fd9 (webtiles) character file.

Game seed: 12025580185847090649

217 MacCMillion the Chiller (level 5, -3/38 HPs)
             Began as a Merfolk Ice Elementalist on Oct 1, 2021.
             Was a Priest of Elyvilon.
             Slain by an orc warrior (11 damage)
             ... on level 4 of the Dungeon.
             The game lasted 00:14:52 (5082 turns).

MacCMillion the Chiller (Merfolk Ice Elementalist)  Turns: 5082, Time: 00:14:52

Health: -3/38      AC:  4    Str: 10    XL:     5   Next: 94%
Magic:  0/8        EV: 12    Int: 14    God:    Elyvilon [***...]
Gold:   129        SH:  0    Dex: 14    Spells: 1/8 levels left

rFire   . . .      SeeInvis .   c - +0 dagger
rCold   . . .      Faith    .   (no shield)
rNeg    . . .      Spirit   .   m - +0 leather armour
rPois   .          Reflect  .   r - +0 helmet
rElec   .          Harm     .   (no cloak)
rCorr   .          Rampage  .   (no gloves)
Will    .....                   (no boots)
Stlth   ++........              (no amulet)
HPRegen 0.12/turn               q - ring of flight
MPRegen 0.11/turn               (no ring)

@: flying
A: (nimble swimmer 2), mertail
a: Renounce Religion, Lesser Healing, Heal Other, Purification, Divine
Protection


You were on level 4 of the Dungeon.
You worshipped Elyvilon.
Elyvilon was most pleased with you.
You visited 1 branch of the dungeon, and saw 4 of its levels.

You collected 129 gold pieces.

Inventory:

Hand Weapons
 b - a +0 club
 c - a +0 dagger (weapon)
 j - a +0 vorpal spear
Missiles
 u - 2 throwing nets
 v - a silver boomerang
 w - 4 poisoned darts
Armour
 a - a +0 robe
 m - a +0 leather armour (worn)
 o - a +0 ring mail
 r - a +0 helmet (worn)
Jewellery
 q - a ring of flight (left hand)
 s - a ring of protection from cold
Wands
 y - a wand of iceblast (8)
Scrolls
 f - 2 scrolls of enchant armour {unknown}
 g - a scroll of amnesia {unknown}
 h - 2 scrolls of identify {unknown}
 i - 2 scrolls of immolation {unknown}
 k - 2 scrolls of summoning {unknown}
 p - a scroll of teleportation {unknown}
 t - a scroll of fog {unknown}
Potions
 d - 4 potions of heal wounds {unknown}
 e - a potion of might {unknown}
 l - a potion of lignification {unknown}
 n - a potion of berserk rage {unknown}
 x - 2 potions of haste {unknown}


   Skills:
 + Level 1.8 Fighting
 - Level 2.6 Dodging
 - Level 2.1 Stealth
 - Level 2.0 Spellcasting
 - Level 7.0 Ice Magic
 + Level 1.8 Invocations


You had one spell level left.
You knew the following spells:

 Your Spells              Type           Power      Damage    Failure   Level
a - Freeze                Ice            84%        1d10      1%          1
b - Frozen Ramparts       Ice            42%        1d6       5%          3
c - Ozocubu's Armour      Ice            21%        N/A       5%          3

Your spell library contained the following spells:

 Spells                   Type           Power      Damage    Failure   Level
 Hailstorm                Conj/Ice       11%        3d5       58%         4
 Call Canine Familiar     Summ           1%         N/A       67%         3
 Dazzling Flash           Conj/Hex       2%         N/A       67%         3
 Portal Projectile        Hex/Tloc       2%         N/A       67%         3
 Leda's Liquefaction      Hex/Erth       0%         N/A       97%         4
 Agony                    Necr           1%         N/A       100%        5
 Silence                  Hex/Air        0%         N/A       100%        5


Dungeon Overview and Level Annotations

Branches:
Dungeon (4/15)
 Temple: D:4-7

Altars:
Elyvilon
Vehumet

Annotations:
D:2 1 runed translucent door, exclusion: phantom, Crazy Yiuf
D:4 exclusion: phantom


Innate Abilities, Weirdness & Mutations

((You are quick and stealthy near water. (Stealth+, EV+, Speed+++)))
Your lower body shifts to a powerful aquatic tail in water.


Message History

Aim: an orc warrior, wielding a +0 short sword and wearing a +0 plate armour (lightly wounded)
You freeze the orc warrior!
The orc warrior is heavily wounded.
The wall freezes the orc warrior.
The orc warrior barely misses you.
The wall freezes the adder.
You hit the orc warrior but do no damage.
The orc warrior is heavily wounded.
The wall freezes the adder.
The adder seems to slow down.
The wall freezes the orc warrior.
The orc warrior closely misses you.
The adder skeleton completely resists.
The wall freezes the adder skeleton but does no damage.
The wall freezes the adder.
You kill the adder!
Your magical contamination has completely faded away.
You hit the orc warrior but do no damage.
The orc warrior is severely wounded.
The wall freezes the orc warrior.
The orc warrior completely misses you.
The adder skeleton completely resists.
The wall freezes the adder skeleton but does no damage.
You hit the orc warrior but do no damage.
The orc warrior is severely wounded.
The wall freezes the orc warrior.
The orc warrior hits you with a +0 short sword!
The adder skeleton completely resists.
The wall freezes the adder skeleton but does no damage.
You closely miss the orc warrior.
The orc warrior is severely wounded.
The wall freezes the orc warrior.
The orc warrior hits you with a +0 short sword!
* * * LOW HITPOINT WARNING * * *
The adder skeleton completely resists.
The wall freezes the adder skeleton but does no damage.
Your frozen ramparts will break if you move.
Continue?
Okay, then.
You are healed.
The frozen ramparts melt away.
The orc warrior hits you but does no damage.
You hit the orc warrior but do no damage.
The orc warrior is severely wounded.
The orc warrior hits you with a +0 short sword!
You die...

..##....####....#.......#
..##....# #....'..<....#
..##....#####...#.......#
..##....+...............##
........########.######..#
........#................#
........#.####.....####..#
..........#(Z##...## #..#
########..#..S##@## #..#
#..##.K.#o# ##..#
#...##h'#Z#+ ##...#
#....###)..###..).#
#........8........#
##...###...###....# #..##
+#.#+ ##...# #.## #.#
##..# #.# ##.## #..#


You could see an orc warrior and an adder skeleton.

Vanquished Creatures
  Jessica (D:3)
  An iguana (D:3)
  A hound skeleton (D:4)
  6 adders
  3 worms
  A dart slug (D:3)
  4 orcs (D:3)
  6 bats
  6 endoplasms
  3 giant cockroaches
  9 hobgoblins
  4 jackals
  9 kobolds
  7 quokkas
  5 ball pythons
  6 frilled lizards
  5 goblins
  A jackal skeleton (D:4)
  6 rats
84 creatures vanquished.

Notes
Turn   | Place    | Note
-------+----------+-------------------------------------------
     0 | D:1      | MacCMillion the Merfolk Ice Elementalist began the quest
                  | for the Orb.
     0 | D:1      | Reached XP level 1. HP: 13/13 MP: 3/3
   462 | D:1      | Found a faded altar of an unknown god.
   465 | D:1      | Reached XP level 2. HP: 19/19 MP: 3/5
   472 | D:1      | Became a worshipper of Elyvilon the Healer
   472 | D:1      | Reached * piety under Elyvilon
   522 | D:1      | Reached skill level 5 in Ice Magic
  1126 | D:1      | Reached XP level 3. HP: 24/24 MP: 6/6
  1566 | D:1      | Reached ** piety under Elyvilon
  2286 | D:2      | Noticed a phantom
  2318 | D:2      | Learned a level 3 spell: Frozen Ramparts
  2518 | D:2      | Reached skill level 6 in Ice Magic
  2518 | D:2      | Reached XP level 4. HP: 29/30 MP: 3/7
  2559 | D:2      | Learned a level 3 spell: Ozocubu's Armour
  2821 | D:2      | Found a runed translucent door.
  2822 | D:2      | Noticed Crazy Yiuf
  3211 | D:3      | Reached *** piety under Elyvilon
  3254 | D:3      | Found a radiant altar of Vehumet.
  3315 | D:3      | Reached XP level 5. HP: 29/34 MP: 4/8
  3674 | D:3      | Reached skill level 7 in Ice Magic
  4143 | D:3      | Noticed Jessica
  4146 | D:3      | Killed Jessica
  4147 | D:3      | Reached skill level 1 in Fighting
  4147 | D:3      | Reached skill level 1 in Invocations
  5024 | D:4      | Noticed a phantom
  5069 | D:4      | Noticed an orc warrior
  5082 | D:4      | Slain by an orc warrior

Illustrated notes

Levels and vault maps discovered:
D:1:      dpeg_arrival_radiant, layout_basic, basic_ecumenical_altar,
          minmay_misc_feat_rows, supply_closet_lemuel
D:2:      wad_pebble_path, layout_basic, uniq_crazy_yiuf_cottage
D:3:      layout_loops_ring, vehumet_crystals, uniq_jessica
D:4:      cheibrodos_barr_body, layout_basic

Skill      XL: |  1  2  3  4  5 |
---------------+----------------+-----
Ice Magic      | 5 6 7 |  7.0
Fighting       | 1 |  1.8
Invocations    | 1 |  1.8
Dodging        | |  2.6
Stealth        | |  2.1
Spellcasting   | |  2.0

Action                   |  1- 3 |  4- 6 || total
-------------------------+-------+-------++-------
Melee: Dagger            |    30 |    34 ||    64
       Spear             |     5 |       ||     5
 Cast: Freeze            |    63 |    55 ||   118
       Frozen Ramparts   |       |     6 ||     6
Invok: Lesser Healing    |       |     1 ||     1
 Stab: Sleeping          |     1 |     2 ||     3
Armor: Robe              |    14 |       ||    14
       Leather armour    |       |    13 ||    13
Dodge: Dodged            |    60 |    36 ||    96

Table legend: (Time is in decaauts)
 A = Elapsed time spent in this place.
 B = Non-inter-level travel time spent in this place.
 C = Inter-level travel time spent in this place.
 D = Time resting spent in this place.
 E = Time spent auto-exploring this place.
 F = Levels seen in this place.
 G = Mean time per level.
                   A        B        C        D        E       F      G
               +--------+--------+--------+--------+--------+-----+--------+
         Total |   5079 |   4940 |    139 |   1262 |   2822 |   4 | 1269.8 |
       Dungeon |   5079 |   4940 |    139 |   1262 |   2822 |   4 | 1269.8 |
               +--------+--------+--------+--------+--------+-----+--------+

Top non-repeatable levels by time:
     D:1: 1940 daAuts
     D:3: 1399 daAuts
     D:2: 1219 daAuts
     D:4: 519 daAuts
